Map: Battle on the Boardwalk LE

Players

JagrsMullets - Winner!

  • Race: Zerg Zerg
  • Spawn Location: 1:00

A.I. 1 (Harder)

  • Race: Protoss Protoss
  • Spawn Location: 11:00

VOD

Have the link to the VOD?

Description

Time

  • Played on: Dec. 24, 2017, 8:52 p.m.
  • Length: 29:51
Show
View Real Time Build Order
Export as new Build Order

JagrsMullets Zerg - Winner!

Build Orders: Hatch First 

Get SALT Encoding   

  12  0:08  Overlord  
  12  0:15  Drone  
  12  0:17  Drone  
  14  0:31  Drone  
  15  0:50  Hatchery  
  14  0:59  Drone  
  14  1:00  Drone  
  16  1:15  Spawning Pool, Drone  
  16  1:18  Drone  
  17  1:32  Extractor  
  16  1:34  Drone x2  
  18  1:43  Extractor  
  17  1:53  Drone  
  18  2:15  Extractor  
  17  2:23  Queen  
  17  2:24  Queen  
  17  2:27  Zergling x6  
  17  2:29  Zergling x6  
  27  2:44  Drone  
  28  2:54  Spine Crawler  
  27  2:59  Spine Crawler  
  26  3:24  Drone x2  
  28  3:27  Overlord x3  
  29  3:48  Drone  
  29  3:56  Drone x2  
  29  3:57  Drone x3  
  34  4:05  Zergling x4  
  34  4:09  Lair  
  36  4:16  Metabolic Boost  
  36  4:20  Drone  
  37  4:25  Drone x2  
  37  4:29  Drone x2  
  41  4:35  Drone  
  42  4:45  Spine Crawler  
  41  4:56  Drone x2  
  43  5:02  Extractor  
  42  5:10  Hydralisk Den, Drone  
  42  5:11  Drone x2  
  42  5:13  Pneumatized Carapace  
  44  5:18  Lair  
  44  5:28  Zergling x2  
  44  5:29  Zergling x6  
  48  5:36  Evolution Chamber  
  48  5:41  Muscular Augments  
  48  5:42  Hydralisk x2  
  47  5:49  Overlord  
  51  5:51  Drone  
  52  6:03  Burrow  
  52  6:16  Overlord x3  
  52  6:22  Overlord x2  
  38  7:08  Spine Crawler  
  37  7:10  Spine Crawler  
  36  7:31  Hatchery  
  36  7:36  Hydralisk x6  
  36  7:37  Hydralisk x4  
  55  7:53  Drone  
  55  7:56  Drone x3  
  59  8:00  Queen  
  61  8:15  Drone x2  
  63  8:21  Drone  
  63  8:22  Drone x2  
  66  8:34  Drone x6  
  72  8:50  Drone x3  
  72  8:51  Drone  
  72  8:52  Queen  
  78  9:15  Spine Crawler  
  77  9:55  Hydralisk x2  
  77  9:56  Hydralisk x6  
  77  9:57  Hydralisk  
  95  10:17  Zerg Melee Weapons Level 1  
  95  10:20  Drone x2, Extractor  
  96  10:22  Zergling x4  
  96  10:23  Overlord  
  96  10:24  Overlord x7  
  96  10:27  Extractor  
  97  10:33  Baneling Nest  
  86  11:08  Spine Crawler  
  86  11:09  Spine Crawler  
  86  11:11  Spine Crawler  
  83  11:13  Spine Crawler x2  
  81  11:46  Infestation Pit  
  80  11:59  Evolution Chamber  
  79  12:01  Hydralisk  
  79  12:02  Hydralisk x6  
  79  12:03  Hydralisk x2  
  97  12:11  Zerg Ground Armor Level 1  
  97  12:21  Hatchery  
  96  12:26  Hydralisk  
  96  12:27  Hydralisk  
  96  12:29  Hydralisk  
  100  12:30  Hydralisk x3  
  108  13:03  Drone x2  
  108  13:04  Drone  
  111  13:10  Drone x4  
  111  13:11  Drone x2  
  117  13:15  Hydralisk x2  
  117  13:16  Hydralisk x6  
  117  13:17  Hydralisk  
  135  13:22  Hive  
  135  13:24  Zerg Missile Weapons Level 1  
  135  13:52  Hydralisk x4  
  135  13:53  Hydralisk x7  
  145  14:05  Zerg Melee Weapons Level 2  
  145  14:26  Spine Crawler x2  
  145  14:27  Spine Crawler  
  145  14:28  Spine Crawler  
  141  14:40  Adrenal Glands  
  141  14:56  Zergling x10  
  141  14:57  Zergling x10  
  141  14:58  Zergling x12  
  157  15:18  Zerg Ground Armor Level 2  
  157  15:33  Zergling x12  
  157  15:34  Zergling x10  
  168  16:21  Zerg Missile Weapons Level 2  
  130  17:31  Zergling x10  
  130  17:32  Hydralisk x5, Zergling x4  
  130  17:33  Hydralisk x7  
  130  17:34  Hydralisk x5  
  152  18:24  Zerg Melee Weapons Level 3  
  152  18:37  Zerg Ground Armor Level 3  
  152  18:42  Ultralisk Cavern  
  151  19:37  Ultralisk x2  
  163  19:38  Overlord x3  
  163  19:39  Overlord x3  
  163  19:40  Hydralisk x47  
  163  19:57  Ultralisk  
  163  19:58  Ultralisk x5  
  181  20:38  Hydralisk  
  181  20:39  Hydralisk x6  
  181  20:40  Hydralisk x2  
  194  21:08  Spine Crawler x2  
  194  21:09  Spine Crawler  
  194  21:10  Spine Crawler  
  190  21:14  Spine Crawler  
  189  21:19  Spore Crawler  
  189  21:20  Spore Crawler x2  
  189  21:22  Spore Crawler  
  185  21:26  Spore Crawler  
  185  21:27  Spine Crawler  
  185  21:28  Spine Crawler  
  182  21:33  Spine Crawler x2  
  175  22:17  Zergling x8  
  175  22:18  Zergling x12  
  175  22:19  Zergling x4  
  175  22:21  Zerg Missile Weapons Level 3  
  187  22:50  Zergling x12  
  187  22:51  Zergling x4  
  190  23:37  Ultralisk  
  190  23:40  Zergling x8  
  160  24:20  Hydralisk x5  
  160  24:21  Hydralisk x7  
  160  24:22  Hydralisk x4  
  187  24:45  Hydralisk x7  
  185  24:46  Hydralisk  
  193  25:04  Hydralisk x4  
  192  25:22  Zergling x2  
  192  25:23  Zergling x10  
  192  25:24  Zergling x4  
  193  25:49  Zergling x8  
  186  25:50  Zergling x2  
  181  26:10  Zergling x2  
  181  26:11  Zergling x4  
  178  27:09  Lair  
  178  27:13  Zergling x6  
Show
View Real Time Build Order
Export as new Build Order

A.I. 1 (Harder) Protoss 

Build Orders:  

Get SALT Encoding   

  12  0:00  Probe  
  13  0:13  Probe  
  14  0:19  Pylon  
  14  0:25  Probe  
  15  0:37  Probe  
  15  0:39  Gateway  
  16  0:47  Assimilator  
  16  0:49  Probe  
  17  1:01  Probe, Pylon  
  18  1:13  Probe  
  19  1:26  Probe  
  19  1:27  Cybernetics Core, Zealot  
  22  1:44  Gateway  
  22  1:49  Assimilator  
  22  2:03  Pylon  
  22  2:04  Adept  
  24  2:26  Warp Gate  
  24  2:31  Adept  
  24  2:36  Zealot  
  28  2:42  Pylon  
  28  2:58  Stalker  
  28  3:03  Adept  
  32  3:23  Pylon  
  32  3:28  Adept  
  32  3:33  Stalker  
  36  3:43  Probe  
  37  3:55  Probe  
  38  3:56  Adept  
  38  4:02  Pylon  
  40  4:03  Stalker  
  40  4:07  Probe  
  43  4:17  Forge  
  43  4:19  Probe  
  43  4:23  Adept  
  46  4:31  Probe  
  47  4:41  Stalker  
  47  4:43  Probe  
  50  4:57  Zealot  
  52  6:03  Sentry  
  52  6:04  Protoss Ground Weapons Level 1  
  54  6:08  Robotics Facility  
  54  6:10  Photon Cannon, Sentry  
  56  6:11  Photon Cannon  
  56  6:15  Stargate, Nexus  
  56  6:18  Twilight Council  
  56  6:21  Forge  
  56  6:24  Pylon  
  56  6:26  Stalker  
  58  6:33  Stalker  
  48  6:50  Adept  
  48  6:54  Protoss Ground Armor Level 1  
  44  6:55  Blink  
  44  6:57  Zealot  
  44  6:58  Observer  
  43  7:10  Zealot  
  45  7:17  Adept  
  45  7:19  Observer  
  48  7:30  Adept  
  48  7:36  Probe  
  51  7:37  Adept  
  51  7:39  Assimilator  
  51  7:40  Probe  
  54  7:48  Probe  
  54  7:50  Adept  
  57  7:53  Probe  
  57  7:57  Adept  
  60  8:00  Probe  
  60  8:05  Probe  
  62  8:10  Stalker  
  62  8:12  Probe  
  65  8:17  Stalker, Probe  
  68  8:24  Probe  
  69  8:29  Probe  
  70  8:36  Probe  
  70  8:41  Probe  
  73  8:48  Probe  
  73  8:53  Probe  
  74  9:00  Probe  
  75  9:05  Probe  
  76  9:10  Pylon  
  76  9:12  Probe  
  77  9:22  Assimilator  
  77  9:30  Gateway  
  77  9:44  Probe  
  78  10:03  Void Ray, Warp Prism  
  78  10:07  Protoss Ground Weapons Level 2, Robotics Facility  
  84  10:08  Zealot  
  84  10:11  Nexus, Pylon  
  84  10:13  Zealot  
  88  10:29  Stalker  
  88  10:34  Pylon  
  90  10:36  Stalker  
  90  10:37  Gateway  
  90  10:39  Warp Prism  
  90  10:41  Zealot  
  76  10:46  Void Ray  
  70  10:52  Stalker  
  70  10:54  Observer  
  71  10:58  Stargate  
  71  10:59  Zealot  
  73  11:04  Stalker  
  75  11:14  Warp Prism  
  75  11:15  Sentry  
  75  11:16  Protoss Ground Armor Level 2  
  79  11:21  Stalker  
  79  11:23  Probe x3  
  84  11:27  Stalker  
  84  11:32  Gateway, Sentry  
  88  11:35  Probe  
  88  11:37  Probe x2  
  88  11:39  Stalker  
  93  11:45  Stargate  
  93  11:47  Probe  
  93  11:49  Probe  
  93  11:50  Probe  
  96  11:59  Probe  
  97  12:04  Robotics Bay  
  97  12:08  Probe  
  98  12:10  Probe  
  98  12:11  Probe  
  100  12:18  Protoss Air Weapons Level 1  
  100  12:20  Probe  
  101  12:23  Probe, Protoss Shields Level 1  
  101  12:25  Probe  
  103  12:30  Pylon  
  103  12:32  Pylon  
  103  12:39  Templar Archives  
  103  12:47  Assimilator  
  103  12:49  Dark Shrine  
  103  12:50  Observer Gravitic Boosters, Assimilator  
  103  12:54  Photon Cannon  
  103  12:55  Photon Cannon  
  103  12:59  Photon Cannon  
  103  13:10  Fleet Beacon  
  103  13:22  High Templar  
  105  13:27  Immortal  
  105  13:31  High Templar  
  111  13:38  Archon, High Templar  
  113  13:42  High Templar  
  115  13:49  Archon, High Templar  
  115  13:55  Zealot  
  99  14:03  Disruptor  
  99  14:08  Zealot  
  104  14:12  Sentry  
  110  14:17  Immortal  
  110  14:20  Protoss Shields Level 2  
  110  14:21  Zealot  
  112  14:24  Nexus  
  112  14:25  Zealot  
  112  14:29  High Templar  
  116  14:36  Archon  
  116  14:38  High Templar  
  116  14:39  Disruptor  
  116  14:44  High Templar  
  123  14:50  Archon  
  123  14:52  Dark Templar  
  125  14:55  Pylon  
  125  15:01  High Templar  
  127  15:10  High Templar  
  129  15:15  Archon  
  129  15:22  High Templar  
  131  15:40  Carrier  
  137  15:42  Assimilator  
  137  15:46  Pylon  
  137  15:48  Gravitic Drive, Pylon  
  137  15:50  Assimilator  
  137  15:59  Protoss Air Armor Level 1  
  137  16:10  Photon Cannon  
  137  16:12  Psionic Storm  
  137  16:13  Photon Cannon  
  137  16:26  Protoss Ground Weapons Level 3  
  137  16:31  Void Ray  
  137  16:39  Protoss Ground Armor Level 3  
  137  16:47  Stalker  
  137  16:49  Adept  
  137  16:51  Zealot  
  137  16:54  Zealot  
  145  16:56  Stalker  
  147  17:09  Stalker  
  147  17:11  Stalker  
  147  17:14  Stalker  
  147  17:16  Zealot  
  147  17:19  Adept  
  125  17:32  Stalker  
  125  17:34  Zealot  
  125  17:37  Stalker  
  117  17:39  Stalker  
  117  17:41  Stalker  
  117  17:43  Immortal  
  109  17:54  Sentry  
  109  17:57  Immortal  
  115  17:59  Sentry  
  115  18:01  Stalker  
  115  18:03  Zealot  
  115  18:05  Zealot, Graviton Catapult  
  123  18:20  Protoss Air Weapons Level 2  
  123  19:04  Protoss Shields Level 3  
  123  19:15  Nexus  
  123  19:40  Dark Templar  
  123  19:44  High Templar  
  127  19:49  Void Ray  
  131  19:53  Disruptor  
  131  19:57  Archon  
  131  19:58  Dark Templar  
  136  20:02  High Templar  
  136  20:06  Void Ray  
  142  20:11  Dark Templar  
  140  20:15  High Templar  
  140  20:19  Disruptor  
  137  20:24  Tempest  
  133  20:28  Zealot  
  133  20:32  Assimilator  
  133  20:33  Zealot  
  133  20:35  Protoss Air Armor Level 2, Pylon  
  135  20:36  Pylon  
  135  20:37  Zealot  
  135  20:39  Assimilator  
  135  20:41  Archon x2  
  137  20:44  Dark Templar  
  137  20:48  Dark Templar  
  141  20:54  Dark Templar, Archon  
  143  20:58  Photon Cannon  
  143  20:59  Photon Cannon  
  143  21:01  Dark Templar  
  145  21:20  High Templar  
  147  21:26  High Templar  
  149  22:51  Protoss Air Weapons Level 3  
  149  23:10  Adept  
  149  23:12  Zealot  
  153  23:14  Zealot  
  153  23:16  Stalker  
  153  23:18  Stalker  
  159  23:30  Stalker  
  159  23:32  Stalker  
  163  23:34  Stalker  
  163  23:39  Adept  
  167  23:46  Zealot  
  163  23:53  Zealot  
  163  23:55  Void Ray  
  139  23:57  Void Ray  
  139  23:59  Sentry  
  139  24:02  Zealot  
  135  24:04  Stalker  
  135  24:06  Stalker  
  126  24:13  Stalker, Observer  
  109  24:22  Stalker  
  111  24:24  Stalker  
  111  24:27  Zealot  
  111  24:30  Sentry  
  117  24:37  Stalker  
  115  24:42  Void Ray, Nexus, Immortal  
  115  24:45  Zealot  
  113  24:47  Adept  
  113  24:49  Zealot  
  113  24:51  Photon Cannon  
  115  24:53  Zealot  
  115  24:57  Probe  
  115  24:58  Probe x2  
  115  24:59  Probe  
  108  25:02  Zealot  
  108  25:04  Zealot  
  108  25:05  Fleet Beacon  
  88  25:07  Zealot, Pylon  
  88  25:09  Stalker  
  88  25:10  Probe x3  
  88  25:11  Probe  
  88  25:13  Stalker  
  88  25:14  Photon Cannon  
  88  25:16  Photon Cannon  
  88  25:20  Templar Archives  
  87  25:22  Stargate, Probe  
  87  25:23  Probe  
  87  25:24  Zealot  
  87  25:25  Void Ray  
  87  25:26  Pylon  
  87  25:27  Sentry  
  96  25:29  Gateway  
  96  25:30  Probe  
  96  25:31  Photon Cannon  
  96  25:32  Immortal  
  96  25:34  Zealot  
  98  25:35  Probe  
  98  25:36  Zealot  
  98  25:41  Nexus  
  94  25:45  Pylon  
  94  25:49  Robotics Bay  
  82  25:52  Probe, Robotics Facility  
  82  25:53  Probe x2  
  82  25:55  Zealot, Probe  
  82  25:56  Dark Shrine  
  69  25:57  Stalker  
  52  26:05  Probe x2  
  52  26:07  Void Ray, Probe  
  41  26:11  Warp Prism  
  41  26:15  Adept  
  41  26:17  Probe x2  
  37  26:19  Probe  
  37  26:20  Zealot  
  37  26:24  Pylon  
  32  26:30  Probe  
  32  26:31  Probe  
  33  26:35  Stalker  
  35  26:40  Stalker, Pylon  
  35  26:42  Probe  
  35  26:43  Assimilator, Probe  
  31  26:47  Immortal, Pylon  
  31  26:54  Probe  
  28  26:56  Pylon, Probe  
  28  26:58  Stalker  
  32  27:03  Stalker  
  32  27:06  Probe  
  32  27:08  Probe  
  32  27:19  Probe  
  32  27:20  Probe  
  32  27:21  Zealot  
  36  27:26  Zealot, Nexus  
  44  27:31  Probe  
  44  27:33  Nexus, Probe  
  42  27:37  Nexus  
  34  28:01  Nexus  
  34  28:09  Pylon  
  30  28:14  Pylon  
  3  28:41  Probe  
  4  28:45  Probe  
  5  28:49  Probe  
  5  28:53  Probe  
  7  28:57  Probe  
  7  29:01  Probe  
  9  29:05  Probe  
  11  29:16  Probe  
  8  29:21  Probe  
  7  29:28  Probe  
Tags
 
Add a new tag
Caveats
  • Supply blocks, unpowered buildings, or Contaminate may cause inaccurate times.
  • Supply counts are checked every 10 seconds.